 Dungeon Crawl Stone Soup version 0.22-a0-223-g0f5d773 (webtiles) character file.

67 wolfsongas the Magician (level 3, 0/19 HPs)
             Began as a Deep Elf Wizard on Feb 18, 2018.
             Succumbed to howech's ghost's poison
             ... on level 3 of the Dungeon.
             The game lasted 00:07:34 (2592 turns).

wolfsongas the Magician (Deep Elf Wizard)           Turns: 2592, Time: 00:07:34

Health: 0/19       AC:  3    Str:  4    XL:     3   Next: 98%
Magic:  11/11      EV: 13    Int: 23    God:
Gold:   164        SH:  0    Dex: 13    Spells: 9/12 levels left

rFire    . . .     SeeInvis .   f - +0 dagger
rCold    . . .     Gourm    .   (no shield)
rNeg     . . .     Faith    .   a - +0 robe
rPois    .         Spirit   .   b - +1 hat
rElec    .         Reflect  .   (no cloak)
rCorr    .         Harm     .   (no gloves)
MR       .....                  (no boots)
Stlth    ++........             (no amulet)
HPRegen  0.06/turn              (no ring)
MPRegen  0.12/turn              (no ring)

@: lethally poisoned (0 -> -27)
A: no striking features
a: no special abilities


You were on level 3 of the Dungeon.
You were hungry.

You visited 1 branch of the dungeon, and saw 3 of its levels.

You collected 164 gold pieces.

Inventory:

Hand Weapons
 f - a +0 dagger (weapon)
Armour
 a - a +0 robe (worn)
 b - a +1 hat (worn)
Jewellery
 i - an uncursed amulet of faith {unknown}
 j - an uncursed amulet of guardian spirit {unknown}
Scrolls
 e - a scroll of fog
Potions
 d - 2 potions of lignification
Comestibles
 c - 4 rations


   Skills:
 + Level 3.3 Dodging
 + Level 3.5 Stealth
 + Level 5.1 Spellcasting
 + Level 2.2 Conjurations
 - Level 1.1 Summonings
   Level 1.1 Translocations


You had 9 spell levels left.
You knew the following spells:

 Your Spells              Type           Power        Failure   Level  Hunger
a - Magic Dart            Conj           ###.         3%          1    None
b - Call Imp              Summ           ##......     9%          2    None


Dungeon Overview and Level Annotations

Branches:
Dungeon (3/15)

Altars:

Annotations:
D:3 howech's ghost, amateur GnEE


Message History

You feel less confused.
You feel sick.
Howech's ghost hits you but does no damage.
You are more poisoned.
You barely miss howech's ghost.
Howech's ghost is heavily damaged.
You feel less wooden.
Your +1 hat unmelds from your body.
Your +0 robe unmelds from your body.
You feel sick. Howech's ghost hits you.
You hit howech's ghost but do no damage.
Howech's ghost is heavily damaged.
You feel sick. Howech's ghost hits you.
* * * LOW HITPOINT WARNING * * *
You are more poisoned.
You hit howech's ghost.
Howech's ghost is heavily damaged.
* * * LOW HITPOINT WARNING * * *
You feel sick.
Howech's ghost hits you but does no damage.
You die...

........# #.#......
).......# #.#......
........# #.#......
........########......#
..(......>.......#l##.#
...###'#########.#W#
...# #†# #.#5# ...# #.#
#.#.# #### #.# #@#.#
#.# #.#.#############
#.# #W#.lW..........#
######.#
#.#########..##.#
....<..#
#.....W...#.....#
###########
#########.#.....# #.#
#.....#.#.....# #.#
#.#.#.#.#.###### #.#
#.#.............


You could see howech's ghost.

Vanquished Creatures
  2 adders (D:2)
  A dart slug (D:1)
  2 leopard geckos
  2 giant cockroaches
  5 goblins
  6 hobgoblins
  2 jackals (D:1)
  9 kobolds
  A quokka (D:2)
  4 bats
  4 frilled lizards
  6 rats
44 creatures vanquished.

Notes
Turn   | Place    | Note
-------+----------+-------------------------------------------
     0 | D:1      | wolfsongas the Deep Elf Wizard began the quest for the Orb.
     0 | D:1      | Reached XP level 1. HP: 10/10 MP: 7/7
   256 | D:1      | Reached XP level 2. HP: 15/15 MP: 2/9
  1240 | D:1      | Reached XP level 3. HP: 19/19 MP: 8/11
  1444 | D:2      | Learned a level 2 spell: Call Imp
  1537 | D:2      | Reached skill level 5 in Spellcasting
  2384 | D:3      | Noticed howech's ghost (amateur GnEE)
  2592 | D:3      | Succumbed to howech's ghost's poison

Vault maps used:
D:1:      minmay_arrival_three_doors, serial_curves, eino_curves_03,
          eino_curves_04, eino_curves_04, eino_curves_03,
          minmay_misc_feat_four_crosses
D:3:      nicolae_overflow_crystal_walls, chequers_ecumenical_altar_island,
          uniq_ijyb

Skill      XL: |  1  2  3 |
---------------+----------+-----
Stealth        | 3 |  3.5
Dodging        | 3 |  3.3
Conjurations   | 2 |  2.2
Spellcasting   | 5 |  5.1
Summonings     | |  1.1
Translocations | |  1.1

Action                   || total
-------------------------++-------
Melee: Dagger            ||    39
 Cast: Magic Dart        ||    90
       Call Imp          ||    16
  Use: Scroll            ||     6
       Potion            ||     2
 Stab: Distracted        ||     1
  Eat: Chunk             ||     1
       Ration            ||     1
Armor: Skin              ||    27
       Robe              ||     6
Dodge: Dodged            ||    26

Table legend:
 A = Spawn XP
 B = Non-spawn XP
 C = Spawn XP percentage of total XP
 D = Spawn monster count
 E = Non-spawn monster count
 F = Spawn count percentage of total count
 G = Total turns spent on level
                    A         B        C        D         E        F      G
               +---------+---------+-------+---------+---------+-------+---------
         Total |       0 |      96 |   0.0 |       0 |      44 |   0.0 |  2592
               +---------+---------+-------+---------+---------+-------+---------
           D:1 |       0 |      41 |   0.0 |       0 |      26 |   0.0 |  1440
           D:2 |       0 |      50 |   0.0 |       0 |      15 |   0.0 |   721
           D:3 |       0 |       5 |   0.0 |       0 |       3 |   0.0 |   431
               +---------+---------+-------+---------+---------+-------+---------
